 Dungeon Crawl Stone Soup version 0.20.1-1-g8b1a95d (webtiles) character file.

356 Softman25 the Skirmisher (level 6, -15/100 HPs)
             Began as an Ogre Berserker on Oct 1, 2017.
             Was a Priest of Trog.
             Demolished by an ogre
             ... wielding a +0 giant club
              (25 damage)
             ... on level 4 of the Dungeon.
             The game lasted 00:07:22 (3215 turns).

Softman25 the Skirmisher (Ogre Berserker)           Turns: 3215, Time: 00:07:22

Health: -15/100    AC:  5    Str: 27    XL:     6   Next: 63%
Magic:  6/6        EV: 10    Int:  8    God:    Trog [***...]
Gold:   226        SH:  6    Dex: 10    Spells: 5/5 levels left

rFire    . . .     SeeInvis .   h - +1 flail (holy)
rCold    . . .     Gourm    .   (no shield)
rNeg     . . .     Faith    .   b - +0 animal skin
rPois    .         Spirit   .   (helmet restricted)
rElec    .         Reflect  +   k - +1 cloak
rCorr    .         Harm     .   (gloves unavailable)
MR       +....                  (boots unavailable)
Stlth    ..........             l - +6 amulet of reflection
Regen    0.3/turn               f - ring of protection from magic
MPRegen  0.1/turn               r - ring of flight

@: berserking, very quick
A: unfitting armour, tough skin 1
a: Berserk, Trog's Hand, Burn Spellbooks, Renounce Religion, Evoke Flight


You were on level 4 of the Dungeon.
You worshipped Trog.
Trog was most pleased with you.
You were not hungry.

You visited 1 branch of the dungeon, and saw 4 of its levels.

You collected 226 gold pieces.

Inventory:

Hand Weapons
 h - a +1 flail of holy wrath (weapon)
Missiles
 g - 4 needles of sleeping
 n - 8 javelins (quivered)
Armour
 b - a +0 animal skin (worn)
 k - a +1 cloak (worn)
Jewellery
 f - a ring of protection from magic (left hand)
 i - an uncursed ring of protection from cold
 l - a +6 amulet of reflection (around neck)
 r - a ring of flight (right hand)
Wands
 m - a wand of disintegration (24/24)
Scrolls
 p - 2 scrolls of teleportation
Potions
 e - 3 potions of curing {@q1}
 s - a potion of resistance
 v - 2 potions of might
Comestibles
 a - 6 chunks of flesh
 c - 3 bread rations
 d - 2 meat rations


   Skills:
 + Level 5.9 Fighting
 * Level 5.2 Maces & Flails
 + Level 2.4 Throwing
 - Level 2.6 Dodging


You had 5 spell levels left.
You didn't know any spells.

Dungeon Overview and Level Annotations

Branches:
Dungeon (4/15)             Temple (0/1) D:4

Altars:
Elyvilon
Fedhas
Sif Muna
Yredelemnul
Zin


Innate Abilities, Weirdness & Mutations

You are too large for most types of armour.
You have tough skin. (AC +1)


Message History

a - 6 chunks of flesh (gained 2)
You feel sick.
You are no longer poisoned.
There isn't anything here!
n - 8 javelins (gained 2)
j - a scroll of identify {@r1}
Okay, then.
As you read the scroll of identify {@r1}, it crumbles to dust.
s - a potion of resistance
Found a stone staircase leading up.
Found 13 arrows.
An ogre comes into view. It is wielding a giant club.
The ogre shouts!
The ogre hits you with a giant club!!
A red film seems to cover your vision as you go berserk!
You feel yourself moving faster!
You feel mighty!
You feel quite a bit more hungry. The ogre hits you with a giant club!!
* * * LOW HITPOINT WARNING * * *
You barely miss the ogre. The ogre hits you with a giant club!!
You die...

######### #..##...#
##(....#* ###......#
**#.O@.##..##
#.....##....##
*#...####.....##
#..##* #.......#****
##** ##.....<....,****
#...........,,,,.
#...........,*,,.
##...........,,,,.
#####............***,.


You could see an ogre.

Vanquished Creatures
  2 scorpions (D:4)
  A bullfrog skeleton (D:4)
  An orc wizard (D:4)
  2 worker ants
  3 gnolls (D:4)
  3 adders
  5 worms
  3 dart slugs
  A leopard gecko (D:2)
  8 orcs (D:4)
  A ball python (D:1)
  A giant cockroach (D:3)
  11 goblins
  6 hobgoblins
  9 jackals
  5 kobolds
  4 quokkas
  7 bats
  3 frilled lizards
  9 rats
85 creatures vanquished.

Notes
Turn   | Place    | Note
-------+----------+-------------------------------------------
     0 | D:1      | Softman25 the Ogre Berserker began the quest for the Orb.
     0 | D:1      | Reached XP level 1. HP: 24/24 MP: 1/1
    57 | D:1      | Reached XP level 2. HP: 23/32 MP: 2/2
   532 | D:2      | Reached ** piety under Trog
   610 | D:2      | Reached XP level 3. HP: 33/40 MP: 3/3
   964 | D:2      | Reached XP level 4. HP: 49/49 MP: 4/4
  1103 | D:3      | Reached skill level 5 in Fighting
  1195 | D:3      | Found a glowing silver altar of Zin.
  1385 | D:3      | Found a deep blue altar of Sif Muna.
  1870 | D:3      | Reached *** piety under Trog
  1896 | D:3      | Reached skill level 1 in Throwing
  2175 | D:3      | Reached XP level 5. HP: 38/57 MP: 5/5
  2278 | D:4      | Found a white marble altar of Elyvilon.
  2278 | D:4      | Found a blossoming altar of Fedhas.
  2279 | D:4      | Found a basalt altar of Yredelemnul.
  2850 | D:4      | Found a staircase to the Ecumenical Temple.
  2906 | D:4      | Reached XP level 6. HP: 35/67 MP: 6/6
  3158 | D:4      | Reached skill level 5 in Maces & Flails
  3167 | D:4      | Received a gift from Trog
  3215 | D:4      | Demolished by an ogre

Skill      XL: |  1  2  3  4  5  6 |
---------------+-------------------+-----
Maces & Flails | 3 4 5 |  5.2
Fighting       | 5 |  5.9
Throwing       | 1 2 |  2.4
Dodging        | |  2.6

Action                   |  1- 3 |  4- 6 || total
-------------------------+-------+-------++-------
Melee: Mace              |   109 |   112 ||   221
       Flail             |       |    46 ||    46
Throw: Javelin           |       |     2 ||     2
Invok: Berserk           |     1 |     4 ||     5
  Use: Scroll            |       |    11 ||    11
       Potion            |       |     1 ||     1
  Eat: Chunk             |       |     8 ||     8
       Bread ration      |       |     1 ||     1
Armor: Animal skin       |    34 |    50 ||    84
Dodge: Dodged            |    62 |    91 ||   153
Block: Other             |       |    28 ||    28
